Map: Ever Dream LE

Players

SortOf

  • Race: Zerg Zerg
  • League: Grandmaster
  • Spawn Location: 7:00

Reynor - Winner!

  • Race: Zerg Zerg
  • Spawn Location: 1:00

Event: DreamHack SC2 Masters 2020 Summer Europe

VOD

Have the link to the VOD?

Description

Time

  • Played on: June 28, 2020, 11:53 a.m.
  • Length: 7:09

All games in this series

Show
View Real Time Build Order
Export as new Build Order

SortOf Zerg 

Build Orders: Hatch First 

Get SALT Encoding   

  12  0:00  Drone  
  13  0:13  Overlord  
  13  0:17  Drone  
  14  0:31  Drone x2  
  16  0:47  Hatchery  
  15  0:50  Drone  
  15  0:54  Drone  
  17  0:58  Drone  
  18  1:12  Spawning Pool  
  18  1:13  Extractor  
  18  1:15  Drone  
  17  1:19  Drone  
  18  1:29  Drone  
  19  1:40  Drone  
  20  1:49  Drone  
  21  1:59  Queen x2  
  21  2:00  Overlord  
  25  2:02  Drone  
  26  2:12  Drone x2  
  26  2:13  Metabolic Boost  
  28  2:21  Zergling x2  
  28  2:22  Zergling x2  
  30  2:34  Hatchery  
  30  2:35  Drone  
  30  2:42  Baneling Nest  
  30  2:43  Drone  
  30  2:45  Drone  
  32  2:51  Drone  
  32  2:57  Drone x2  
  34  3:05  Overlord  
  34  3:06  Drone x2  
  36  3:13  Overlord  
  36  3:22  Queen  
  36  3:23  Drone x2  
  36  3:24  Zergling x4  
  36  3:25  Drone  
  43  3:27  Drone  
  43  3:32  Evolution Chamber  
  43  3:33  Baneling  
  43  3:35  Drone  
  43  3:40  Drone x3  
  47  3:43  Drone  
  47  3:47  Lair  
  48  3:50  Overlord  
  48  3:55  Zergling x4  
  48  4:03  Extractor x2  
  48  4:05  Roach Warren  
  48  4:06  Baneling  
  48  4:07  Drone x4  
  49  4:10  Drone x2  
  49  4:16  Overlord  
  49  4:17  Drone x2  
  53  4:20  Baneling, Zergling x4  
  53  4:21  Baneling  
  55  4:29  Drone x5  
  58  4:34  Spore Crawler  
  54  4:43  Drone x6  
  55  4:48  Drone x2  
  57  4:54  Drone x3  
  57  4:57  Drone x2  
  60  5:00  Zerg Missile Weapons Level 1  
  60  5:04  Glial Reconstitution  
  60  5:05  Drone  
  60  5:09  Drone  
  61  5:15  Zergling x2  
  61  5:16  Drone x3  
  61  5:17  Drone  
  66  5:22  Roach  
  66  5:26  Roach  
  69  5:28  Overseer  
  69  5:31  Roach  
  69  5:33  Roach  
  69  5:34  Drone  
  69  5:35  Overlord  
  74  5:36  Extractor  
  74  5:37  Extractor  
  74  5:38  Drone x2  
  74  5:39  Extractor  
  73  5:48  Queen  
  73  5:50  Overlord x3  
  73  5:52  Queen  
  73  5:53  Queen  
  73  5:56  Roach x3  
  80  5:58  Drone x2  
  80  6:01  Drone x3  
  81  6:04  Drone  
  81  6:07  Overlord  
  81  6:09  Drone x3  
  85  6:11  Drone x2  
  85  6:13  Drone  
  85  6:16  Roach x2  
  92  6:21  Roach x2  
  92  6:23  Spine Crawler  
  92  6:25  Roach  
  97  6:29  Ravager x2  
  97  6:30  Ravager x2  
  97  6:31  Overlord  
  101  6:35  Roach x3  
  101  6:39  Roach x2  
  111  6:45  Roach x2  
  104  6:48  Roach  
Show
View Real Time Build Order
Export as new Build Order

Reynor Zerg - Winner!

Build Orders: Hatch First 

Get SALT Encoding   

  12  0:00  Drone  
  13  0:12  Overlord  
  13  0:16  Drone  
  14  0:30  Drone x2  
  16  0:47  Hatchery  
  15  0:51  Drone  
  15  0:55  Drone  
  17  0:57  Drone  
  18  1:09  Extractor  
  17  1:13  Spawning Pool  
  17  1:16  Drone  
  17  1:18  Drone  
  18  1:27  Drone  
  19  1:38  Drone  
  20  1:49  Drone  
  21  1:59  Overlord  
  21  2:00  Zergling x2, Queen x2  
  26  2:10  Drone x2  
  26  2:11  Metabolic Boost  
  28  2:20  Drone x2  
  30  2:32  Hatchery  
  30  2:35  Drone  
  30  2:38  Drone  
  30  2:42  Drone x2  
  33  2:51  Baneling Nest  
  33  2:54  Overlord  
  33  2:55  Zergling x2  
  33  3:03  Zergling x2  
  33  3:04  Zergling x2  
  35  3:09  Drone  
  35  3:12  Drone x5  
  41  3:18  Overlord  
  41  3:20  Drone  
  41  3:24  Evolution Chamber  
  41  3:28  Drone  
  41  3:30  Queen  
  44  3:35  Baneling  
  44  3:38  Zergling x2  
  44  3:39  Drone x2  
  44  3:41  Overlord  
  47  3:44  Drone x3  
  47  3:47  Drone  
  51  3:51  Zerg Missile Weapons Level 1  
  51  3:54  Zergling x4  
  52  3:56  Drone x2  
  54  4:03  Drone  
  54  4:06  Drone x2  
  54  4:08  Extractor  
  56  4:10  Extractor  
  56  4:12  Roach Warren, Drone  
  56  4:14  Lair  
  55  4:18  Drone  
  55  4:19  Drone x2  
  55  4:22  Overlord  
  58  4:26  Drone x2  
  58  4:28  Drone x2  
  60  4:38  Drone x3  
  60  4:40  Drone x2  
  64  4:51  Zergling x2  
  64  4:52  Zergling x12  
  70  4:55  Extractor  
  70  4:56  Extractor  
  70  4:57  Overlord  
  70  4:58  Roach  
  68  5:01  Roach  
  68  5:04  Drone  
  68  5:05  Drone  
  72  5:11  Roach  
  72  5:14  Glial Reconstitution  
  74  5:15  Overlord  
  74  5:16  Drone x2  
  74  5:17  Roach x2  
  80  5:24  Overlord  
  80  5:28  Roach  
  82  5:29  Overlord  
  82  5:32  Extractor  
  82  5:33  Roach x2  
  82  5:34  Roach x2  
  82  5:35  Overlord  
  90  5:43  Roach x2  
  90  5:44  Roach  
  90  5:47  Roach  
  90  5:48  Hatchery, Roach x2  
  100  5:55  Roach  
  100  5:56  Roach  
  104  6:01  Roach x3  
  108  6:04  Drone x2  
  108  6:08  Overlord  
  110  6:12  Ravager x3  
  113  6:20  Pneumatized Carapace  
  113  6:24  Extractor  
  113  6:25  Drone  
  113  6:27  Drone x3  
  113  6:28  Drone x4, Overlord  
  120  6:39  Overlord  
  120  6:46  Roach x4  
  128  6:48  Roach  
Tags
 
Add a new tag
Caveats
  • Supply blocks, unpowered buildings, or Contaminate may cause inaccurate times.
  • Supply counts are checked every 10 seconds.